 Dungeon Crawl Stone Soup version 0.25.0-1-g7eea58d2a3 (webtiles) character file.

Game seed: 102230306092176245

9 DeadF the Vexing (level 2, -1/11 HPs)
             Began as a Felid Enchanter on June 14, 2020.
             Slain by a jackal (3 damage)
             ... on level 1 of the Dungeon.
             The game lasted 00:01:05 (751 turns).

DeadF the Vexing (Felid Enchanter)                   Turns: 751, Time: 00:01:06

Health: -1/11      AC:  1    Str:  4    XL:     2   Next: 3%
Magic:  6/6        EV: 18    Int: 16    God:
Gold:   14         SH:  0    Dex: 16    Spells: 4/5 levels left
                                        Lives:  0   Deaths: 0

rFire    . . .     SeeInvis +     - Unarmed
rCold    . . .     Gourm    .   (shield unavailable)
rNeg     . . .     Faith    .   (armour unavailable)
rPois    .         Spirit   .   (helmet unavailable)
rElec    .         Reflect  .   (cloak unavailable)
rCorr    .         Harm     .   (gloves unavailable)
MR       .....                  (boots unavailable)
Stlth    +++.......             (no amulet)
HPRegen  0.03/turn              (no ring)
MPRegen  0.10/turn              (no ring)

@: quick
A: very small, no armour, no weapons or thrown items, stealth, claws 1, fangs 3,
see invisible, carnivore, speed 1, shaggy fur 1, slow metabolism 1, sharp paws
a: no special abilities


You were on level 1 of the Dungeon.
You were not hungry.

You visited 1 branch of the dungeon, and saw 1 of its levels.

You collected 14 gold pieces.

Inventory:

Jewellery
 c - an uncursed amulet of regeneration {unknown}
Scrolls
 a - 2 scrolls of identify {unknown}
 d - 2 scrolls of blinking {unknown}
Comestibles
 b - a ration


   Skills:
 + Level 3.0 Dodging
 + Level 4.4 Stealth
 - Level 1.1 Unarmed Combat
 - Level 2.1 Spellcasting
 - Level 4.4 Hexes


You had 4 spell levels left.
You knew the following spells:

 Your Spells              Type           Power        Failure   Level  Hunger
a - Corona                Hex            ###....      3%          1    #......

Your spell library contained the following spells:

 Spells                   Type           Power        Failure   Level  Hunger
 Confusing Touch          Hex            ###.....     10%         3    ###....
 Tukima's Dance           Hex            ###.....     10%         3    ###....
 Ensorcelled Hibernation  Hex/Ice        #.....       12%         2    ###....
 Dazzling Flash           Conj/Hex       #.....       24%         3    ###....


Dungeon Overview and Level Annotations

Branches:
Dungeon (1/15)

Altars:


Innate Abilities, Weirdness & Mutations

You cannot wear armour.
You are incapable of wielding weapons or throwing items.
Your paws allow you to move quietly. (Stealth)
You have sharp claws.
You have razor-sharp teeth.
You have supernaturally acute eyesight. (SInv)
You are carnivorous and can eat meat at any time.
You cover ground quickly.
You are covered in fur. (AC +1)
You have a slow metabolism.
Your sharp claws are effective at attacking unaware monsters.


Message History

You are too injured to fight recklessly!
You are too injured to fight recklessly!
You are too injured to fight recklessly!
You are too injured to fight recklessly!
You scratch the jackal but do no damage.
The jackal is almost dead.
The jackal misses you.
You scratch the jackal but do no damage.
The jackal is almost dead.
The jackal closely misses you. The jackal bites you.
* * * LOW HITPOINT WARNING * * *
The jackal barely misses you. The jackal misses you.
You barely miss the jackal.
The jackal is almost dead.
The jackal completely misses you. The jackal closely misses you.
You scratch the jackal but do no damage.
The jackal is almost dead.
The jackal pauses to sniff the ground.
The jackal misses you. The jackal closely misses you. The jackal bites you.
You die...

###
#.###############
#.............#..
#.###########.#.#
#.# #.#.# #.#
#.#.# ###'##
#?#.# .....#
#.#.##.# .....#
#.@h...# .....#
#..h...# .....#
.......## .....#
$........# .....#
.......(...#
.....#
##+#+#.....#
.....#
#.#.#.....# #.##
.....##
#.#.#.....# #...
...(...
#.#.#.....#
#..####


You could see 2 jackals.

Vanquished Creatures
  A giant cockroach (D:1)
  3 goblins (D:1)
  A hobgoblin (D:1)
  A bat (D:1)
  2 rats (D:1)
8 creatures vanquished.

Notes
Turn   | Place    | Note
-------+----------+-------------------------------------------
     0 | D:1      | DeadF the Felid Enchanter began the quest for the Orb.
     0 | D:1      | Reached XP level 1. HP: 7/7 MP: 4/4
   671 | D:1      | Reached XP level 2. HP: 11/11 MP: 6/6
   751 | D:1      | Slain by a jackal

Illustrated notes

Levels and vault maps discovered:
D:1:      dpeg_arrival_arbitrary_a, layout_basic

Skill      XL: |  1 |
---------------+----+-----
Dodging        | 3 |  3.0
Stealth        | |  4.4
Unarmed Combat | |  1.1
Spellcasting   | |  2.1
Hexes          | |  4.4

Action                   || total
-------------------------++-------
Melee: Unarmed           ||    45
       Bite              ||     4
 Stab: Sleeping          ||     1
  Eat: Chunk             ||     2
Armor: Skin              ||     2
Dodge: Dodged            ||    50
